Map: Ever Dream LE

Players

Astrea

  • Race: Protoss Protoss
  • League: Master
  • Spawn Location: 1:00

Scarlett - Winner!

  • Race: Zerg Zerg
  • Spawn Location: 7:00

Event: DreamHack SC2 Masters 2020 Fall

VOD

Have the link to the VOD?

Description

Time

  • Played on: Sept. 13, 2020, 7:12 p.m.
  • Length: 23:33

All games in this series

Show
View Real Time Build Order
Export as new Build Order

Astrea Protoss 

Build Orders: 1 Gate Expand, Oracle Opening, Carriers, Zealot Archon 

Get SALT Encoding   

  12  0:00  Probe  
  13  0:12  Probe  
  14  0:17  Pylon  
  14  0:24  Probe  
  15  0:30  Assimilator  
  15  0:36  Probe (Chrono Boost)  
  16  0:43  Gateway  
  16  0:48  Probe (Chrono Boost)  
  17  0:53  Probe (Chrono Boost)  
  18  1:03  Probe  
  19  1:15  Probe  
  20  1:21  Nexus  
  20  1:30  Cybernetics Core  
  20  1:33  Probe  
  20  1:39  Assimilator  
  21  1:45  Probe  
  22  1:49  Pylon  
  22  1:57  Probe  
  23  2:04  Adept (Chrono Boost)  
  23  2:05  Probe  
  25  2:11  Stargate  
  25  2:13  Probe  
  26  2:17  Warp Gate  
  27  2:24  Probe  
  27  2:26  Adept (Chrono Boost)  
  30  2:33  Probe  
  30  2:36  Probe  
  32  2:45  Probe  
  32  2:47  Adept (Chrono Boost)  
  32  2:48  Probe  
  36  2:55  Oracle (Chrono Boost)  
  36  2:57  Probe  
  40  3:00  Probe  
  40  3:02  Pylon  
  41  3:09  Probe  
  41  3:12  Probe  
  43  3:21  Probe  
  43  3:24  Probe  
  43  3:25  Void Ray (Chrono Boost)  
  45  3:33  Probe  
  46  3:36  Probe  
  46  3:39  Gateway  
  49  3:42  Gateway  
  49  3:45  Probe, Pylon  
  49  3:46  Assimilator  
  48  3:49  Probe  
  49  3:56  Pylon  
  49  3:58  Probe  
  49  4:01  Probe  
  51  4:07  Adept  
  53  4:10  Probe  
  53  4:13  Probe  
  55  4:20  Assimilator, Pylon  
  55  4:22  Probe  
  56  4:25  Probe  
  56  4:28  Adept  
  59  4:32  Nexus  
  59  4:33  Pylon  
  59  4:34  Adept  
  59  4:35  Probe  
  59  4:38  Probe  
  63  4:44  Adept  
  65  4:47  Probe  
  65  4:50  Probe  
  66  4:54  Adept  
  66  4:57  Forge  
  66  4:58  Twilight Council  
  66  4:59  Probe  
  69  5:00  Sentry  
  69  5:02  Probe  
  69  5:03  Robotics Facility  
  72  5:10  Sentry  
  72  5:11  Probe  
  75  5:14  Pylon, Probe  
  72  5:22  Charge (Chrono Boost)  
  72  5:23  Probe  
  72  5:24  Protoss Ground Weapons Level 1 (Chrono Boost)  
  72  5:26  Probe  
  74  5:31  Sentry x2  
  74  5:36  Probe  
  74  5:38  Probe  
  76  5:42  Gateway  
  76  5:44  Gateway, Probe  
  76  5:47  Gateway  
  76  5:48  Probe  
  78  5:50  Observer, Gateway, Probe  
  78  5:53  Gateway  
  80  5:59  Pylon  
  80  6:04  Gateway  
  80  6:06  Gateway  
  80  6:09  Templar Archives  
  80  6:15  Assimilator x2  
  80  6:17  Warp Prism (Chrono Boost), Photon Cannon  
  80  6:22  Probe  
  80  6:23  Probe x2  
  85  6:34  Probe  
  85  6:35  Probe x2  
  88  6:45  High Templar x2  
  88  6:46  Zealot x3, High Templar x2  
  88  6:47  Warp Prism, Probe  
  103  6:49  Archon  
  103  6:50  Archon  
  103  6:52  Zealot  
  107  6:54  Pylon  
  107  6:56  Pylon  
  107  7:04  Pylon  
  107  7:10  Zealot  
  107  7:12  Protoss Ground Weapons Level 2 (Chrono Boost), Pylon  
  107  7:13  Zealot x4  
  117  7:27  Zealot x5  
  127  7:30  Pylon  
  127  7:31  Zealot  
  125  7:42  Zealot x3  
  125  7:43  Zealot  
  129  7:48  Zealot x5  
  137  8:00  Zealot  
  137  8:04  Zealot x3  
  139  8:07  Psionic Storm  
  123  8:15  Nexus  
  123  8:18  Immortal (Chrono Boost)  
  113  8:29  High Templar  
  113  8:30  High Templar x7  
  113  8:33  Pylon  
  129  8:35  Probe x3  
  132  8:47  Probe x3  
  139  8:56  Observer  
  139  8:59  Probe x3  
  139  9:03  Shield Battery, Photon Cannon  
  139  9:06  Photon Cannon  
  139  9:07  Pylon  
  139  9:09  Assimilator  
  139  9:11  Probe x3  
  139  9:13  Assimilator  
  146  9:17  Zealot, Immortal (Chrono Boost)  
  146  9:18  Zealot x4  
  156  9:24  Pylon  
  156  9:26  Pylon  
  156  9:38  Photon Cannon  
  156  9:41  Zealot x7  
  156  9:45  Protoss Ground Weapons Level 3 (Chrono Boost)  
  170  9:47  Immortal (Chrono Boost)  
  174  9:55  Pylon  
  174  10:02  Pylon  
  174  10:09  High Templar  
  174  10:10  High Templar x8  
  174  10:11  Zealot  
  194  10:14  Archon  
  194  10:15  Archon x3  
  194  10:20  Archon  
  188  10:22  Immortal (Chrono Boost)  
  188  10:26  Gateway  
  188  10:27  Gateway  
  188  10:28  Dark Shrine  
  192  10:32  Zealot, Nexus  
  194  10:45  Zealot x3  
  194  10:48  Gateway  
  194  10:49  Gateway  
  200  10:51  Shield Battery, Photon Cannon  
  200  10:55  Pylon  
  200  11:21  Gateway  
  200  11:23  Gateway  
  188  11:36  Photon Cannon  
  188  11:38  Photon Cannon  
  188  11:41  Photon Cannon  
  188  11:42  Photon Cannon  
  188  11:46  Shield Battery  
  184  11:49  Shield Battery  
  176  12:02  Shadow Stride (Chrono Boost)  
  156  12:12  Immortal  
  138  12:22  Zealot x11  
  158  12:23  Zealot x5  
  164  12:47  High Templar  
  164  12:48  High Templar  
  164  12:52  Immortal  
  164  12:57  Protoss Shields Level 1 (Chrono Boost)  
  164  13:05  High Templar  
  166  13:24  Zealot x3  
  166  13:25  Zealot x12  
  184  13:31  Immortal (Chrono Boost)  
  163  13:49  Dark Templar x10  
  163  13:50  Dark Templar x6  
  172  14:27  Observer  
  172  14:28  Zealot x2, High Templar x3  
  172  14:29  Zealot x9  
  200  14:37  Assimilator  
  200  14:38  Assimilator  
  200  14:53  Nexus  
  200  15:19  High Templar  
  200  15:20  Zealot, High Templar  
  196  15:47  Observer (Chrono Boost)  
  196  15:49  Oracle (Chrono Boost)  
  200  15:57  Pylon  
  200  16:00  Unknown  
  196  16:15  Protoss Shields Level 2  
  196  16:31  Photon Cannon  
  172  16:32  Photon Cannon  
  172  16:33  Dark Templar x15  
  172  16:35  Photon Cannon  
  172  16:36  Shield Battery  
  172  16:38  Shield Battery  
  200  16:41  Observer  
  158  17:11  Stargate  
  158  17:12  Stargate  
  158  17:13  Zealot x6  
  158  17:14  Zealot x9  
  158  17:15  Fleet Beacon  
  188  17:17  Protoss Air Weapons Level 1 (Chrono Boost)  
  182  17:33  Immortal  
  158  18:03  Zealot x6  
  158  18:04  Zealot x10  
  160  18:10  Immortal (Chrono Boost)  
  152  18:19  Carrier (Chrono Boost)  
  152  18:20  Carrier (Chrono Boost)  
  164  18:29  Carrier (Chrono Boost)  
  142  18:36  High Templar x4  
  142  18:37  Zealot x12  
  170  19:04  Stalker  
  170  19:05  Stalker  
  170  19:07  Nexus  
  162  19:15  Carrier x2 (Chrono Boost)  
  159  19:28  Observer  
  159  19:30  Zealot  
  159  19:31  Zealot x15, Carrier (Chrono Boost)  
  121  19:56  Pylon  
  121  19:58  Assimilator  
  121  19:59  Assimilator  
  121  20:02  High Templar x14  
  121  20:03  Warp Prism (Chrono Boost)  
  121  20:05  Protoss Air Weapons Level 2  
  121  20:06  Archon x3  
  121  20:07  Archon x2  
  151  20:12  Dark Templar  
  153  20:18  Probe x2  
  153  20:20  Photon Cannon  
  153  20:21  Shield Battery  
  131  20:37  Carrier  
  137  20:45  Archon x2  
  131  20:52  Dark Templar  
  131  20:53  Zealot x4, Dark Templar x2  
  136  21:13  Zealot x6  
  147  21:23  Observer  
  124  21:34  Zealot x5  
  124  21:38  Zealot  
  134  21:46  Dark Templar  
  136  21:52  High Templar  
  134  22:08  High Templar  
  134  22:14  Zealot x5  
  137  22:49  Zealot x8  
  137  22:50  Zealot  
  92  23:06  Zealot x7  
  86  23:13  Zealot x5  
Show
View Real Time Build Order
Export as new Build Order

Scarlett Zerg - Winner!

Build Orders: Hatch First, Lurkers, Roach Hydra 

Get SALT Encoding   

  12  0:00  Drone  
  13  0:12  Overlord  
  13  0:16  Drone  
  14  0:30  Drone x2  
  16  0:46  Hatchery  
  15  0:50  Drone  
  15  0:54  Drone  
  17  0:57  Drone  
  18  1:08  Extractor  
  17  1:12  Spawning Pool  
  17  1:15  Drone  
  18  1:18  Drone  
  18  1:27  Drone  
  19  1:38  Drone  
  20  1:49  Drone  
  21  1:58  Drone  
  21  1:59  Queen x2  
  26  2:04  Overlord  
  26  2:09  Drone  
  26  2:13  Drone, Metabolic Boost  
  28  2:23  Drone x2  
  30  2:32  Hatchery  
  30  2:33  Zergling x2  
  30  2:35  Zergling x2  
  31  2:42  Queen  
  33  2:46  Overlord  
  33  2:48  Drone  
  35  2:58  Zergling x4  
  36  3:06  Drone x3  
  36  3:07  Drone, Zergling x2  
  41  3:14  Queen, Overlord  
  40  3:30  Drone x3  
  43  3:37  Drone  
  43  3:38  Drone x4  
  48  3:41  Spore Crawler  
  48  3:44  Queen  
  48  3:45  Drone  
  50  3:51  Drone x3  
  52  4:01  Drone x4  
  52  4:04  Spore Crawler  
  52  4:08  Drone x2  
  51  4:11  Drone  
  51  4:15  Drone x2  
  53  4:21  Drone x2  
  53  4:22  Spore Crawler  
  54  4:27  Drone, Overlord  
  54  4:30  Drone x2  
  57  4:35  Overlord  
  57  4:47  Drone x7  
  57  4:50  Zergling x2  
  65  4:53  Overlord  
  65  4:54  Zergling x8  
  65  4:59  Zergling x2  
  70  5:02  Queen, Overlord  
  70  5:05  Drone x2  
  70  5:06  Drone, Extractor  
  74  5:09  Extractor x2  
  71  5:15  Drone x5  
  71  5:20  Drone  
  75  5:25  Drone  
  75  5:26  Lair  
  71  5:28  Drone x4  
  71  5:29  Drone  
  71  5:33  Drone x3  
  78  5:38  Drone x2  
  78  5:39  Evolution Chamber  
  79  5:47  Drone x4  
  79  5:48  Drone  
  83  5:51  Extractor x2  
  83  5:53  Roach Warren  
  83  5:54  Drone  
  83  5:56  Drone  
  82  6:00  Drone x3  
  85  6:05  Hatchery  
  85  6:08  Drone x2  
  85  6:09  Overlord  
  86  6:12  Overlord x3  
  86  6:14  Zerg Missile Weapons Level 1  
  86  6:34  Glial Reconstitution  
  86  6:35  Roach  
  86  6:36  Roach x9, Infestation Pit  
  105  6:44  Hydralisk Den  
  104  6:48  Unknown  
  104  6:49  Drone x7  
  110  6:57  Overlord  
  110  7:00  Drone  
  111  7:02  Overseer  
  111  7:03  Overseer  
  111  7:05  Overlord x2  
  111  7:13  Hive  
  111  7:15  Hydralisk, Lurker Den  
  110  7:16  Grooved Spines, Hydralisk x3  
  110  7:20  Roach x2  
  110  7:22  Roach x2  
  125  7:25  Roach x2  
  125  7:27  Ravager x3  
  132  7:34  Roach x3  
  122  7:44  Hydralisk x4  
  127  7:54  Roach x5  
  135  8:03  Roach x4  
  123  8:18  Drone  
  123  8:19  Drone x4  
  124  8:31  Seismic Spines  
  124  8:32  Drone x5  
  129  8:37  Hatchery  
  129  8:40  Drone  
  129  8:48  Zerg Missile Weapons Level 2  
  129  8:54  Drone, Unknown  
  129  8:55  Drone x2  
  131  8:56  Overlord x2  
  131  8:59  Lurker x5  
  136  9:10  Muscular Augments  
  136  9:11  Overlord x4  
  136  9:15  Drone  
  137  9:23  Hydralisk x6  
  143  9:28  Hydralisk, Adaptive Talons  
  143  9:29  Hydralisk  
  153  9:33  Drone  
  153  9:36  Hydralisk x3  
  160  9:44  Hatchery  
  159  9:49  Hydralisk x2  
  163  9:54  Hydralisk x2  
  163  9:55  Overlord  
  163  9:57  Lurker x2  
  169  10:02  Drone x5  
  174  10:15  Drone x2  
  174  10:18  Extractor, Hydralisk x5  
  183  10:22  Extractor, Overlord  
  183  10:26  Drone x3  
  183  10:27  Drone x2  
  183  10:28  Drone  
  188  10:32  Spore Crawler  
  188  10:33  Lurker x3  
  190  10:40  Lurker x4  
  190  10:50  Overseer  
  190  10:53  Hydralisk x5  
  200  11:08  Zerg Missile Weapons Level 3  
  200  11:11  Evolution Chamber  
  200  11:12  Spine Crawler  
  194  11:32  Lurker x3, Hatchery  
  197  11:33  Lurker x4  
  197  11:37  Overseer  
  197  11:41  Zerg Ground Armor Level 1  
  197  11:45  Extractor  
  196  11:49  Overlord  
  196  11:50  Pneumatized Carapace  
  196  11:51  Hatchery  
  196  11:52  Spine Crawler  
  196  11:53  Drone x3, Spore Crawler  
  196  11:54  Drone x2  
  196  12:09  Hatchery  
  196  12:15  Hydralisk x9  
  158  12:18  Lurker x3  
  158  12:21  Drone x2  
  158  12:22  Drone, Extractor  
  173  12:25  Overseer  
  173  12:26  Extractor  
  161  12:44  Hydralisk x4  
  161  12:45  Hydralisk x6  
  176  12:55  Hydralisk x3  
  176  12:56  Hydralisk x2  
  182  13:03  Drone x4  
  186  13:10  Lurker  
  186  13:11  Lurker x2  
  186  13:12  Overseer  
  189  13:18  Hatchery  
  182  13:21  Adrenal Glands  
  182  13:27  Hydralisk x4  
  170  13:37  Spire  
  170  13:38  Drone  
  170  13:40  Drone x10  
  180  13:43  Spine Crawler  
  180  13:44  Spine Crawler  
  178  13:55  Zerg Ground Armor Level 2  
  178  13:56  Zerg Melee Weapons Level 1  
  178  13:58  Drone  
  178  13:59  Spire  
  178  14:00  Zergling x2  
  178  14:01  Zergling x6  
  160  14:03  Zergling x4  
  162  14:10  Hydralisk x3  
  166  14:18  Hydralisk x4  
  164  14:30  Lurker x6  
  170  14:34  Drone x10  
  170  14:38  Lurker x2  
  181  14:41  Extractor  
  181  14:51  Queen x2, Zerg Flyer Weapons Level 1  
  185  14:54  Spine Crawler x2  
  185  14:56  Spore Crawler  
  182  15:03  Overlord, Overseer  
  182  15:04  Overlord  
  182  15:12  Drone x3  
  182  15:13  Drone  
  186  15:14  Extractor  
  186  15:15  Spine Crawler  
  186  15:16  Spine Crawler  
  186  15:17  Spine Crawler  
  186  15:19  Hydralisk x8  
  199  15:21  Zergling x2  
  199  15:26  Spore Crawler  
  198  15:32  Zerg Flyer Armor Level 1  
  184  15:39  Drone x12  
  196  15:42  Spine Crawler  
  193  15:58  Drone x7, Spine Crawler  
  193  15:59  Spore Crawler  
  193  16:01  Spore Crawler  
  192  16:13  Lurker x8  
  200  16:19  Overseer x4  
  200  16:21  Hydralisk x3, Spine Crawler  
  195  16:35  Lurker x3  
  195  16:36  Zergling x2  
  180  16:49  Hydralisk x8  
  196  16:57  Zerg Flyer Weapons Level 2  
  196  16:58  Baneling Nest  
  196  17:00  Drone  
  196  17:06  Hydralisk x4  
  197  17:09  Lurker x2  
  197  17:10  Zerg Melee Weapons Level 2  
  197  17:11  Zerg Ground Armor Level 3  
  199  17:32  Zergling x2  
  199  17:33  Zerg Flyer Armor Level 2  
  196  17:45  Zergling x4  
  196  17:46  Zergling x4, Centrifical Hooks  
  175  18:08  Hydralisk  
  175  18:09  Hydralisk x7, Zergling x2  
  175  18:10  Spine Crawler x2, Zergling x16  
  195  18:12  Spore Crawler  
  194  18:21  Zergling x2  
  194  18:22  Zergling x10  
  200  18:37  Baneling x8  
  200  18:38  Baneling x9  
  200  18:47  Spore Crawler x2  
  198  18:49  Spore Crawler  
  197  18:57  Hatchery  
  192  19:08  Hydralisk x6  
  191  19:28  Hydralisk x7  
  194  19:37  Corruptor x3  
  194  19:38  Corruptor x2  
  177  19:46  Corruptor x7  
  177  19:47  Corruptor x5  
  177  19:51  Zergling x2  
  177  19:52  Extractor, Zergling x8  
  176  19:53  Hatchery  
  176  19:57  Extractor  
  176  19:59  Lurker x4  
  184  20:00  Lurker x6  
  184  20:06  Overseer  
  184  20:17  Drone x6  
  190  20:23  Extractor x2  
  169  20:50  Hydralisk  
  169  20:51  Hydralisk x10  
  191  21:18  Infestor, Overlord x2  
  191  21:19  Lurker  
  179  21:33  Overlord  
  179  21:37  Lurker  
  179  21:38  Lurker x2  
  176  21:42  Drone x16, Spine Crawler  
  176  21:43  Spine Crawler  
  187  21:54  Zergling x2, Hatchery  
  187  21:55  Zergling x24  
  199  22:05  Overseer x4  
  195  22:47  Drone x7  
  181  22:58  Hydralisk x11  
  169  23:11  Zergling x18  
  169  23:12  Zergling x6  
  179  23:13  Zergling x2  
  179  23:14  Zergling x10  
  183  23:21  Spine Crawler  
  183  23:23  Spine Crawler  
  183  23:25  Hatchery  
  178  23:28  Extractor  

Tags
 
Add a new tag
Caveats
  • Supply blocks, unpowered buildings, or Contaminate may cause inaccurate times.
  • Supply counts are checked every 10 seconds.